 Dungeon Crawl Stone Soup version 0.29.0-7-g18a832c13a (webtiles) character file.

Game seed: 4198081140876408040

541 Leibowitz the Cutter (level 7, -1/44 HPs)
             Began as a Kobold Fighter on Aug 30, 2022.
             Slain by an ogre
             ... wielding a +0 giant club
              (19 damage)
             ... on level 4 of the Dungeon.
             The game lasted 00:07:47 (3938 turns).

Leibowitz the Cutter (Kobold Fighter)               Turns: 3938, Time: 00:07:47

Health: -1/44      AC:  8    Str: 13    XL:     7   Next: 51%
Magic:  7/7        EV: 14    Int: 16    God:
Gold:   63         SH:  6    Dex: 16    Spells: 6/6 levels left

rFire   . . .      SeeInvis .   a - +0 rapier
rCold   . . .      Faith    .   c - +0 buckler
rNeg    + . .      Spirit   .   z - +2 leather armour {rN+}
rPois   +          Reflect  .   (no helmet)
rElec   .          Harm     .   (no cloak)
rCorr   .          Rampage  .   (no gloves)
Will    .....                   h - +2 pair of boots
Stlth   +++.......              (no amulet)
HPRegen 0.14/turn               s - ring of poison resistance
MPRegen 0.10/turn               w - +6 ring of intelligence

@: no status effects
A: small, no large weapons, nightstalker 3
a: no special abilities


You were on level 4 of the Dungeon.
You visited 1 branch of the dungeon, and saw 4 of its levels.

You collected 206 gold pieces.
You spent 143 gold pieces at shops.

Inventory:

Hand Weapons
 a - a +0 rapier (weapon)
 j - a +2 whip of electrocution
Missiles
 v - 7 poisoned darts (quivered)
Armour
 c - a +0 buckler (worn)
 h - a +2 pair of boots (worn)
 z - a +2 leather armour of positive energy (worn)
Jewellery
 s - a ring of poison resistance (left hand)
 w - a +6 ring of intelligence (right hand)
Wands
 o - a wand of digging (1)
Scrolls
 e - a scroll of immolation {unknown}
 f - a scroll of magic mapping {unknown}
 g - a scroll of enchant weapon {unknown}
 i - a scroll of brand weapon {unknown}
 l - 2 scrolls of amnesia {unknown}
 m - 3 scrolls of teleportation {unknown}
 n - a scroll of summoning {unknown}
 p - 3 scrolls of identify {unknown}
 r - a scroll of fog {unknown}
 y - a scroll of noise {unknown}
Potions
 b - 2 potions of curing
 d - a potion of might
 k - 3 potions of haste {unknown}
 q - 2 potions of ambrosia {unknown}
 t - a potion of berserk rage {unknown}
 u - a potion of heal wounds
 x - a potion of flight {unknown}


   Skills:
 * Level 4.6 Fighting
 * Level 5.6 Short Blades
 * Level 3.1 Armour
 * Level 3.3 Dodging
 * Level 4.0 Stealth
 * Level 3.2 Shields


You had 6 spell levels left.
You didn't know any spells.
Your spell library was empty.

Dungeon Overview and Level Annotations

Branches:
Dungeon (4/15)
 Temple: D:4-7

Altars:
Sif Muna

Shops:
D:2 !   D:4 [[


Innate Abilities, Weirdness & Mutations

You are small and have problems with some larger weapons.
You are completely attuned to the shadows.


Message History

The gnoll attacks as you move away! The gnoll hits you but does no damage.
There is an escape hatch in the ceiling here.
The gnoll hits you with a +0 whip.
* * * LOW HITPOINT WARNING * * *
You block the gnoll's attack. A mysterious force pulls you upwards.
The hatch slams shut behind you.
You hit the gnoll but do no damage.
The gnoll is heavily wounded.
The gnoll closely misses you.
You hit the gnoll.
The gnoll is severely wounded.
The gnoll barely misses you.
You hit the gnoll.
You kill the gnoll!
Things that are here:
a +0 whip; a gnoll corpse You start resting.
HP restored.
There is a stone staircase leading down here.
You climb downwards.
There is a stone staircase leading up here.
A kobold comes into view. It is wielding a +0 whip.
An ogre comes into view. It is wielding a +0 giant club.
The helpless kobold fails to defend itself.
You impale the kobold!!
You kill the kobold!
The helpless ogre fails to defend itself.
You impale the ogre!!
The ogre is almost dead.
The ogre hits you with a +0 giant club!!
Ouch! That really hurt!
You hit the ogre but do no damage.
The ogre is almost dead.
The ogre misses you.
You hit the ogre.
The ogre is almost dead.
You hit the ogre.
The ogre is almost dead.
The ogre hits you with a +0 giant club!!
You die...

#.###.##.#
#......
#........#
#.#####
####.#### #.#
#+# #.#####
#.....#
#.###.#.#
#.........
####...#)#.#.
+.O@.........
####...#.###.
#..##.# #.##
..


You could see an ogre.

Vanquished Creatures
  Eustachio (D:4)
  An ogre (D:4)
  A phantom (D:4)
  A scorpion (D:3)
  A hound (D:3)
  5 gnolls (D:3)
  2 adders
  2 ufetubi (D:4)
  A worm (D:2)
  2 dart slugs
  2 orcs (D:3)
  9 endoplasms
  5 giant cockroaches
  4 goblins
  6 hobgoblins
  6 kobolds
  7 quokkas
  4 ball pythons
  6 bats
  5 frilled lizards
  8 rats
79 creatures vanquished.

Notes
Turn   | Place    | Note
-------+----------+-------------------------------------------
     0 | D:1      | Leibowitz the Kobold Fighter began the quest for the Orb.
     0 | D:1      | Reached XP level 1. HP: 14/14 MP: 1/1
    73 | D:1      | Reached XP level 2. HP: 19/19 MP: 2/2
   217 | D:1      | Reached skill level 1 in Dodging
   516 | D:1      | Reached skill level 3 in Short Blades
   516 | D:1      | Reached XP level 3. HP: 23/23 MP: 3/3
  1304 | D:2      | Found a faded altar of an unknown god.
  1432 | D:2      | Reached skill level 1 in Stealth
  1486 | D:2      | Found Zugol's Distillery.
  1581 | D:2      | Reached XP level 4. HP: 28/28 MP: 4/4
  2427 | D:3      | Reached skill level 4 in Short Blades
  2442 | D:3      | Reached XP level 5. HP: 21/33 MP: 5/5
  2756 | D:2      | Bought 2 potions of curing for 78 gold pieces
  2756 | D:2      | Bought a potion of heal wounds for 65 gold pieces
  2868 | D:3      | Found a faded altar of an unknown god.
  2869 | D:3      | Found a shimmering blue altar of Sif Muna.
  3023 | D:3      | Reached skill level 5 in Short Blades
  3023 | D:3      | Reached XP level 6. HP: 38/38 MP: 6/6
  3166 | D:4      | Noticed Eustachio
  3203 | D:4      | Killed Eustachio
  3204 | D:4      | Reached XP level 7. HP: 17/43 MP: 7/7
  3390 | D:4      | Found Zivaxam's Antique Armour Shoppe.
  3471 | D:4      | Found Duraq's Armour Boutique.
  3938 | D:4      | Slain by an ogre

Illustrated notes

Levels and vault maps discovered:
D:1:      dpeg_arrival_water_altar, layout_basic, serial_rivers,
          chequers_serial_rivers_room_b, chequers_serial_rivers_room_b,
          chequers_serial_rivers_large_b, chequers_serial_rivers_small_a,
          chequers_serial_rivers_large_a, chequers_serial_rivers_micro_b
D:2:      layout_basic, serial_shops, nicolae_diamond_shop,
          basic_ecumenical_altar, serial_curves, eino_curves_02, eino_curves_03
D:3:      kennysheep_six_static_rooms, layout_rooms,
          nicolae_overflow_ecumenical_swirl, serial_curves, eino_curves_02,
          eino_curves_03
D:4:      layout_loops_corners, okawaru_altar_gauntlet_db,
          mainiacjoe_overflow_tiny_flanked, grunt_temple_overflow_diamond,
          serial_shops, kennysheep_little_box, shop_statue,
          nicolae_shop_waterfront, nicolae_shop_statue_plus, uniq_eustachio

Skill      XL: |  1  2  3  4  5  6  7 |
---------------+----------------------+-----
Dodging        | 1 2 3 |  3.3
Short Blades   | 3 4 5 |  5.6
Stealth        | 1 2 3 4 |  4.0
Shields        | 3 |  3.2
Fighting       | 4 |  4.6
Armour         | 3 |  3.1

Action                   |  1- 3 |  4- 6 |  7- 9 || total
-------------------------+-------+-------+-------++-------
Melee: Rapier            |    91 |   152 |    25 ||   268
Throw: Dart              |       |     4 |       ||     4
 Stab: Sleeping          |     3 |    12 |     4 ||    19
Armor: Scale mail        |    33 |     2 |       ||    35
       Leather armour    |       |    42 |     8 ||    50
Dodge: Dodged            |    32 |   105 |    13 ||   150
Block: Buckler           |    26 |    55 |     9 ||    90
